 Dungeon Crawl Stone Soup version 0.8.0-a0-2085-g400869f character file.

1794020 78291 the Slayer (level 27, 113/325 HPs)
             Began as a Demonspawn Fighter on Oct 18, 2010.
             Was a High Priest of Okawaru.
             Escaped with the Orb
             ... and 4 runes (of 4 types) on Oct 20, 2010!
             The game lasted 05:25:08 (115215 turns).

78291 the Slayer (Demonspawn Fighter)             Turns: 115215, Time: 05:25:08

HP 113/325       AC 40     Str 19 Exp: 27/1525444 (162)
MP  31/40        EV 16     Int 22      God: Okawaru [*****.]
Gold 6393        SH 31     Dex 13      Spells: 13 memorised,  9 levels left

Res.Fire  : + + .   See Invis. : .   a - +4,+7 demon whip (slash)
Res.Cold  : . . .   Warding    : .   K - +5 dragon armour
Life Prot.: . . .   Conserve   : .   o - +3 elf shield {AC+3}
Res.Poison: .       Res.Corr.  : .   X - +2 orc helmet {Int+3} {god gift}
Res.Elec. : .       Clarity    : .   P - +2 cloak of the Storm King {Dam+3} Spirit.Shd: . Stasis : .
                                     e - +1 pair of gauntlets {Str+3} {god gift}
Sust.Abil.: . .     Rnd.Telep. : .   (boots unavailable)
Res.Mut.  : +       Ctrl.Telep.: .   I - amulet of resist mutation
Res.Rott. : .       Levitation : .   t - +5,+4 ring of slaying
Saprovore : . . .   Ctrl.Flight: .   k - ring of sustenance

@: repel missiles, regenerating, quite resistant to hostile enchantments,
unstealthy
A: talons 3, cold resistance 1, conserve potions, +30% hp, spiny 3, spit poison
3, AC +11, Str -1, Dex -3
a: Spit Poison, Might, Haste, Renounce Religion


You escaped.
You worshipped Okawaru.
Okawaru was exalted by your worship.
You were not hungry.

You visited 13 branches of the dungeon, and saw 85 of its levels.
You visited the Abyss 4 times.
You visited 1 Labyrinth.
You visited 1 bazaar.
You visited 1 Ziggurat, and saw 13 of its levels.
You visited 2 portal chambers: spiders nest, ice cave.

You collected 11396 gold pieces.
You spent 2273 gold pieces at shops.
You used 2750 gold pieces for miscellaneous purposes.
You made 13369 melee attacks, avg delay 5.47 aut.
You made 24936 steps orthogonally, 12783 diagonally.
Autoexploring made 20667 steps orthogonally, 12947 diagonally.

Inventory:

Hand weapons
 a - a +4,+7 demon whip of slashing (weapon)
   (You took it off Margery on level 22 of the Dungeon)
 g - a +0,+1 orcish dagger (quivered)
   (You took it off a kobold on level 1 of the Dungeon)
 u - a +0 blowgun
   (You took it off a kobold on level 11 of the Dungeon)
Missiles
 Z - 21 curare-tipped +0 needles {!f}
Armour
 e - a +1 pair of gauntlets of strength (worn) {god gift}
   (Okawaru gifted it to you on level 4 of the Elven Halls)
 o - a +3 elven shield of protection (worn)
   (You found it on level 8 of the Vaults)
 K - a +5 dragon armour (worn)
   (You found it on level 8 of a ziggurat)
 P - the +2 cloak of the Storm King (worn) {Dam+3}
   (You found it on level 7 of the Vaults)

   It affects your damage-dealing abilities (+3).
 X - a +2 orcish helmet of intelligence (worn) {god gift}
   (Okawaru gifted it to you on level 6 of the Lair of Beasts)
Magical devices
 d - a wand of fire (7)
   (You found it on level 2 of the Hive)
 j - a wand of healing (9)
   (You bought it in a shop in a bazaar)
 p - a wand of digging (8)
   (You found it on level 1 of the Realm of Zot)
 A - a wand of disintegration (3)
   (You found it on level 2 of the Elven Halls)
 J - a wand of teleportation (6)
   (You found it on level 25 of the Dungeon)
 N - a wand of hasting (5)
   (You took it off Dowan on level 8 of the Dungeon)
 O - a wand of digging (4)
   (You found it on level 6 of the Vaults)
Comestibles
 f - a meat ration
 h - 6 honeycombs
 s - a royal jelly
Jewellery
 k - a ring of sustenance (left hand)
   (You acquired it on level 27 of the Dungeon)
 m - a +3,+3 ring of slaying
   (You found it on level 12 of the Dungeon)
 t - a +5,+4 ring of slaying (right hand)
   (You found it on level 3 of the Dungeon)
 w - an uncursed amulet of faith
   (You found it on level 6 of the Dungeon)
 x - the ring of the Many Wishes {Regen rElec Dex+1 Acc+3}
   (You found it on level 10 of a ziggurat)

   [ring of regeneration]

   It affects your dexterity (+1).
   It affects your accuracy (+3).
   It insulates you from electricity.
 E - the ring of Zaskon {*TELE Acc+2 Dam+3}
   (You found it on level 19 of the Dungeon)

   [ring of teleportation]

   It affects your accuracy (+2).
   It affects your damage-dealing abilities (+3).
 I - an amulet of resist mutation (around neck)
   (You found it on level 8 of the Dungeon)
 T - a cursed ring of protection from fire
   (You found it on level 10 of the Dungeon)
 W - the ring of Shadows {+Inv rN+ EV+4 Acc-3 SInv Stlth++}
   (You found it on level 1 of the Elven Halls)

   [ring of invisibility]

   It affects your evasion (+4).
   It affects your accuracy (-3).
   It protects you from negative energy.
   It enhances your eyesight.
   It makes you much more stealthy.
 Y - an uncursed amulet of resist corrosion
   (You found it on level 26 of the Dungeon)
Potions
 i - a potion of speed
 q - a potion of invisibility
 r - a potion of agility
 H - 2 potions of healing
Magical staves
 b - a staff of energy
   (You found it on level 2 of the Hive)
 Q - a +2 rod of warding (11/11)
   (You found it on level 8 of the Vaults)
Orbs of Power
 c - the Orb of Zot
   (You found it on level 5 of the Realm of Zot)
Miscellaneous
 l - a barnacled rune of Zot
   (You found it on level 5 of the Shoals)
 B - an iron rune of Zot
   (You found it on level 7 of the Iron City of Dis)
 D - a silver rune of Zot
   (You found it on level 8 of the Vaults)
 R - a serpentine rune of Zot
   (You found it on level 5 of the Snake Pit)

   You had 162 experience left.


   Skills:
 + Level 23 Fighting
 - Level 18 Maces & Flails
 + Level 12 Armour
 + Level 16 Dodging
 - Level 4 Stealth
 - Level 2 Stabbing
 + Level 16 Shields
 + Level 5 Traps & Doors
 - Level 8 Unarmed Combat
 + Level 12 Spellcasting
 - Level 4 Conjurations
 + Level 14 Enchantments
 + Level 5 Summonings
 + Level 7 Necromancy
 + Level 3 Translocations
 - Level 11 Air Magic
 + Level 4 Invocations
 + Level 5 Evocations


You had 9 spell levels left.
You knew the following spells:

 Your Spells              Type           Power        Success   Level  Hunger
a - Airstrike             Air            #######...   Excellent   4    None
b - Repel Missiles        Air/Ench       #######...   Excellent   2    None
c - Control Teleport      Ench/Tloc      #######...   Great       4    None
d - Blink                 Tloc           N/A          Great       2    None
e - Flight                Air/Ench       #######...   Excellent   4    None
f - Shock                 Air/Conj       #####        Excellent   1    None
g - Regeneration          Ench/Necr      #######...   Excellent   3    None
h - Insulation            Air/Ench       #######...   Excellent   4    None
i - Swiftness             Air/Ench       #######...   Excellent   2    None
j - Apportation           Tloc           #####.....   Great       1    None
k - Silence               Air/Ench       #######...   Excellent   5    Choko
n - Haste                 Ench           #######..    Great       6    Honeycomb
o - Abjuration            Summ           ######....   Great       3    None

Dungeon Overview and Level Annotations

Branches:
Dungeon (27/27)            Temple (1/1) D:4             Orc (4/4) D:11
    Elf (7/7) Orc:4          Lair (8/8) D:10         Shoals (5/5) Lair:5
  Slime (0/6) Lair:8        Snake (5/5) Lair:4         Hive (2/2) D:15
  Vault (8/8) D:18          Blade (0/1) Vault:6       Crypt (5/5) Vault:4
   Tomb (0/3) Crypt:2         Dis (7/7) Hell            Geh (0/7) Hell
    Coc (0/7) Hell            Tar (0/7) Hell            Zot (5/5) D:27

Altars:
Ashenzari
Cheibriados
Elyvilon
Fedhas
Kikubaaqudgha
Makhleb
Nemelex Xobeh
Okawaru
Sif Muna
The Shining One
Trog
Vehumet
Xom
Yredelemnul
Zin

Shops:
D:24: % Orc:4: * Elf:3: / Elf:4: (*![/ Elf:6: [ Shoals:1: * Shoals:3: ! Vault:4: (/ Vault:8: +

Portals:
Hell: D:21 D:22 D:23 D:24 D:25 D:26 D:27 Dis:1 Dis:2* Dis:3* Dis:4 Dis:5 Dis:6* Dis:7**
Abyss: D:24 D:25 D:27
Pan: D:23 D:24

Annotations
D:6 exclusion: oklob plant
D:13 exclusion: orange crystal statue
D:18 exclusion: Roxanne
D:21 exclusion: 72 flame clouds
Elf:1 exclusion: 9 freezing vapour clouds
Lair:2 exclusion: 36 steam clouds
Shoals:5 exclusion: oklob plant
Crypt:1 exclusion: curse skull
Crypt:4 exclusion: curse skull


Innate Abilities, Weirdness & Mutations

You have claws for feet.
You are completely covered in rough black scales (AC +10, Dex -3).
Your flesh is cold resistant.
You are very good at protecting items from cold.
A meltable icy envelope protects you from harm (AC +1).
You are extremely robust (+30% HP).
You are completely covered in sharp spines.
You can spit strong poison.
You are weak (Str -1).


Message History

Your skin crawls.
Cast which spell? (? or * to list)
Your skin crawls.
There is a stone staircase leading up here.
Mnisi is nearby!
Are you sure you want to leave the Dungeon?
You have escaped!

#......# #.....# #..#
#########.#...(###...#.### #..#
...........#.<..##..##...# #..#
#########.##.......####..####..#
#.####..#.## #........# ###
##..## #...###..# ### #...#
###.#.# #..#
#########.####...####...#.# #..#
.....%.....##..&..##^...#.# #..#
########..#..........####.# #..#
#..######&...###...# #..#
########.########.###...### #..#
.............1........### #..#
###############.#.##### #..#
#.#.# #..# #.#.# #..#
############.#.###########..#


You could see Mnisi.

Vanquished Creatures
  Monster Symbol All ';'
  2 sharks (Shoals:3)
  7 giant goldfish
  A lava fish (Hell)
  5 electric eels
  8 big fish
23 creatures vanquished. All '(' 11 dancing weapons
11 creatures vanquished. All ')' 7 mimics
7 creatures vanquished. All '@' Margery (D:22) A Killer Klown (Zot:5) Frederick (Vault:2) Kirke (Snake:2) Rupert (Elf:3) Frances (Vault:8) Donald (Elf:3) Louise (Snake:2) Maud (Lair:4) 24 vault guards (Vault:7) 4 hell knights 2 wizards 5 necromancers Eustachio (D:8)
45 creatures vanquished. All '*' A giant spore (D:7)
1 creature vanquished. All '&' Dispater (Dis:7) Geryon (Hell) 6 demon lords
8 creatures vanquished. All '1' 4 Fiends (Dis:7) 2 Executioners 4 Ice Fiends 2 Balrugs 3 Green Deaths 4 Pit Fiends 2 Blue Deaths 3 Cacodemons
24 creatures vanquished. All '2' 9 ice devils 3 soul eaters A sun demon (Abyss) 7 hellions A Lorocyproca (Port) 10 reapers 3 beasts
34 creatures vanquished. All '3' 11 orange demons 17 hellwings 9 tormentors 15 iron devils 11 blue devils A chaos spawn (Vault:1) 8 ynoxinuls 14 neqoxecs
86 creatures vanquished. All '4' 10 smoke demons 3 sixfirhies 2 hairy devils 9 red devils 3 rotting devils
27 creatures vanquished. All '5' A quasit (D:9) 19 imps 31 iron imps 10 lemures 12 midges 11 shadow imps 11 white imps 38 ufetubi
133 creatures vanquished. All '8' 2 electric golems (Zot:5) 12 iron golems (Dis:7) 4 ice statues A statue (Elf:2) A clay golem (Abyss) 2 silver statues
22 creatures vanquished. All '9' 20 metal gargoyles (Dis:7)
20 creatures vanquished. All 'a' A queen ant (D:11) 9 soldier ants 26 giant ants An ant larva (D:9)
37 creatures vanquished. All 'A' Mennas (Crypt:1) A Daeva (Port) 2 Cherubs (Port) 2 Angels
6 creatures vanquished. All 'b' 97 giant bats A butterfly (D:6)
98 creatures vanquished. All 'B' A boring beetle (shapeshifter) (Elf:3) 3 boring beetles 2 boulder beetles A giant beetle (D:11)
7 creatures vanquished. All 'c' 38 yaktaur captains 18 centaur warriors 87 yaktaurs 31 centaurs
174 creatures vanquished. All 'C' A titan (Vault:8) 15 frost giants 48 stone giants 5 fire giants Polyphemus (Shoals:1) A hill giant (shapeshifter) (Vault:1) 12 cyclopes 2 cyclopes (shapeshifter) 11 hill giants An ettin (shapeshifter) (Vault:7) An ettin (D:27)
98 creatures vanquished. All 'd' A draconian knight (Zot:5) A draconian monk (Zot:3) 2 draconian scorchers A draconian annihilator (Zot:3) A yellow draconian (Zot:1) 2 draconian shifters (Zot:1) A green draconian (Zot:2) 4 grey draconians 3 white draconians 3 purple draconians 3 mottled draconians 2 draconians (shapeshifter)
24 creatures vanquished. All 'D' Xtahua (Shoals:5) A golden dragon (Vault:8) A golden dragon (shapeshifter) (Vault:5) 2 quicksilver dragons (Vault:8) 8 shadow dragons 8 storm dragons 3 bone dragons 3 iron dragons (Dis:7) 2 dragons 2 ice dragons (shapeshifter) (Vault:8) 4 ice dragons 13 hydras 4 wyverns 3 mottled dragons
55 creatures vanquished. All 'e' 5 deep elf blademasters (Elf:7) 12 deep elf annihilators 5 deep elf sorcerers 6 deep elf death magi 4 deep elf master archers (Elf:7) 3 deep elf demonologists 3 deep elf high priests (Elf:7) 47 deep elf knights 15 deep elf summoners 36 deep elf conjurers 59 deep elf fighters 24 deep elf priests Duvessa (D:8) 28 deep elf magi Dowan (D:8) 94 deep elf soldiers 2 elves (shapeshifter)
345 creatures vanquished. All 'E' An air elemental (Abyss) A fire elemental (Port) 3 water elementals (Shoals:5)
5 creatures vanquished. All 'f' 4 wandering mushrooms (Lair:7) 8 fungi A toadstool (D:3)
13 creatures vanquished. All 'F' 2 spiny frogs (shapeshifter) 14 spiny frogs 21 giant toads 17 blink frogs 19 giant frogs
73 creatures vanquished. All 'g' Grum (Orc:2) A boggart (D:20) 8 gnolls 27 hobgoblins 27 goblins
64 creatures vanquished. All 'G' 2 giant orange brains A shining eye (shapeshifter) (Vault:6) A shining eye (Port) 10 golden eyes (Abyss) An eye of draining (D:17) A giant eyeball (D:8)
16 creatures vanquished. All 'h' 2 hogs (Snake:2) 29 hell hounds 12 war dogs 7 wargs 3 wolves 8 hounds 19 jackals
80 creatures vanquished. All 'H' A sphinx (Vault:8) A minotaur (Lab) 5 griffons A harpy (shapeshifter) (D:16) 11 harpies 15 manticores 17 hippogriffs
51 creatures vanquished. All 'i' Agnes (Elf:3) 3 spriggans (shapeshifter)
4 creatures vanquished. All 'I' 10 ice beasts
10 creatures vanquished. All 'j' An elephant slug (Lair:5) 2 giant slugs (shapeshifter) 14 giant slugs 11 agate snails
28 creatures vanquished. All 'J' An acid blob (Port) A giant amoeba (shapeshifter) (Hell) 4 giant amoebae 18 slime creatures A slime creature (shapeshifter) (Hell) 3 jellyfish A pulsating lump (shapeshifter) (D:27) 6 jellies 2 oozes
37 creatures vanquished. All 'k' 3 queen bees 4 bumblebees (D:24) 196 killer bees 57 killer bee larvae
260 creatures vanquished. All 'K' A big kobold (D:11) 31 kobolds
32 creatures vanquished. All 'l' 8 komodo dragons A fire drake (Lair:8) 7 gila monsters 7 iguanas 6 giant geckos 7 giant newts
36 creatures vanquished. All 'L' An ancient lich (Zot:5) Boris (D:26) 3 liches
5 creatures vanquished. All 'm' Ilsuiw (Shoals:5) 3 sirens 4 merfolk aquamancers 4 merfolk javelineers (Shoals:5) 6 merfolk impalers 7 mermaids 3 merfolk (shapeshifter) 48 merfolk
76 creatures vanquished. All 'M' 3 greater mummies (Port) 4 mummy priests (Port) 8 guardian mummies (Port) 2 mummies
17 creatures vanquished. All 'n' 3 ghouls (Crypt:2) 14 necrophages
17 creatures vanquished. All 'N' 17 greater nagas (Snake:5) 10 naga warriors 15 naga magi 45 nagas
87 creatures vanquished. All 'o' Saint Roka (Vault:2) An orc warlord (D:27) Nergalle (Elf:4) 21 orc knights 6 orc sorcerers Urug (D:10) 40 orc warriors 20 orc priests 27 orc wizards 148 orcs 3 orcs (shapeshifter) (Vault:8)
269 creatures vanquished. All 'O' 10 ogre magi 16 two-headed ogres 47 ogres
73 creatures vanquished. All 'p' The ghost of hyperbolic the Eviscerator, a legendary FeWn of Makhleb (Port) The ghost of noom the Conjurer, a mighty DDWz of Makhleb (Shoals:2) 8 flayed ghosts A silent spectre (Crypt:4) 4 hungry ghosts 7 phantoms 14 shadows
36 creatures vanquished. All 'P' An oklob plant (Shoals:5) 2 bushes 14 plants
17 creatures vanquished. All 'q' Wiglaf (Snake:3)
1 creature vanquished. All 'r' 16 orange rats 37 green rats 88 grey rats 12 quokkas 50 rats
203 creatures vanquished. All 'R' Mara (Vault:3) A rakshasa (D:20) 4 efreeti An illusory rakshasa (D:20)
7 creatures vanquished. All 's' 2 trapdoor spiders A wolf spider (shapeshifter) (Vault:8) A wolf spider (Vault:1) 2 redbacks A demonic crawler (Vault:1) 3 scorpions 4 giant centipedes 5 giant mites A giant mite (shapeshifter) (Vault:4) 5 giant cockroaches
25 creatures vanquished. All 'S' 6 anacondas 8 sea snakes 12 guardian serpents 27 black mambas 6 vipers 2 vipers (shapeshifter) 41 water moccasins A snake (shapeshifter) (Vault:8) 42 snakes A small snake (D:2)
146 creatures vanquished. All 't' An alligator snapping turtle (shapeshifter) (Vault:8) An alligator snapping turtle (Shoals:5) An alligator (shapeshifter) (Vault:8) 2 snapping turtles (shapeshifter) (Vault:8) 10 snapping turtles 11 crocodiles
26 creatures vanquished. All 'T' Snorg (Shoals:3) 13 deep trolls 12 iron trolls A rock troll (shapeshifter) (Vault:8) 5 rock trolls 13 trolls
45 creatures vanquished. All 'u' 13 very ugly things 98 ugly things
111 creatures vanquished. All 'U' A polar bear (shapeshifter) (D:22) A grizzly bear (Port) A bear (shapeshifter) (Elf:6) A black bear (shapeshifter) (D:16)
4 creatures vanquished. All 'v' A spatial vortex (Vault:3) 21 insubstantial wisps
22 creatures vanquished. All 'V' 2 vampire knights (Crypt:5) 2 vampire magi (Crypt:5) 15 vampires
19 creatures vanquished. All 'w' A spiny worm (D:18) 2 rock worms 5 brain worms 6 worms
14 creatures vanquished. All 'W' 2 shadow wraiths 6 phantasmal warriors 24 wraiths 11 freezing wraiths
43 creatures vanquished. All 'x' 2 unseen horrors 11 small abominations
13 creatures vanquished. All 'X' 15 Orb Guardians (Zot:5) 7 tentacled monstrosities 13 large large abominations
35 creatures vanquished. All 'y' 4 red wasps 5 moths of wrath 7 giant blowflies 2 yellow wasps 3 giant mosquitos (Vault:1)
21 creatures vanquished. All 'Y' 5 dire elephants (Lair:8) 2 death yaks (shapeshifter) 15 death yaks An elephant (shapeshifter) (Vault:8) 27 elephants 48 yaks 23 sheep
121 creatures vanquished. All 'z' 72 skeletal warriors A grey draconian zombie (Abyss) 3 pale draconian zombies 2 black draconian zombies A green draconian zombie (Port) A mottled draconian zombie (Crypt:5) A white draconian zombie (Crypt:3) A red draconian zombie (Port) A white draconian skeleton (Crypt:5) 5 flaming corpses 2 green draconian skeletons A red draconian skeleton (Port) A mottled draconian skeleton (Port) 2 black draconian skeletons A siren zombie (Crypt:5) A siren skeleton (Port) A red wasp zombie (Vault:4) A spriggan zombie (Crypt:1) A green draconian simulacrum (Port) A human zombie (Port) A nisse skeleton (Crypt:5) A viper zombie (Crypt:4) A viper skeleton (Crypt:3) A giant blowfly zombie (D:11) A mermaid zombie (Crypt:5) A mermaid skeleton (Vault:4) A giant blowfly simulacrum (D:16) A bumblebee zombie (Crypt:4) A wolf skeleton (Crypt:3) A yellow wasp zombie (Dis:7) A soldier ant zombie (Crypt:4) 3 black bear zombies A felid zombie (Crypt:5) 2 human simulacra (Port) 3 killer bee zombies 39 wights A gila monster zombie (Dis:5) A brain worm zombie (D:13) 2 demonspawn zombies 4 big kobold skeletons A kenku skeleton (Crypt:3) A hound zombie (D:19) A gila monster skeleton (Crypt:3) A hound skeleton (D:14) An orange rat zombie (Vault:1) 2 giant ant zombies 2 worm zombies A giant beetle zombie (D:12) 26 flying skulls A snake zombie (D:18) 8 elf zombies A giant centipede zombie (Crypt:3) 4 snake skeletons 2 giant bat skeletons A green rat zombie (Crypt:5) 2 ant larva zombies (Crypt:5) A goblin zombie (Crypt:3) A grey rat skeleton (Crypt:4) A grey rat zombie (Dis:6) A jackal skeleton (Crypt:2) A kobold skeleton (D:9) A kobold zombie (Dis:3) An orc skeleton (Vault:4) 2 orc zombies A quokka skeleton (D:16) A rat skeleton (D:21)
233 creatures vanquished. All 'Z' 2 quicksilver dragon skeletons (Port) 3 sphinx zombies 3 sphinx skeletons A titan zombie (Port) A storm dragon zombie (Crypt:4) A golden dragon zombie (Crypt:1) 3 storm dragon skeletons An anaconda zombie (Crypt:1) A shadow dragon zombie (Crypt:5) 6 iron dragon zombies 3 frost giant zombies 3 shadow dragon skeletons 4 stone giant zombies 2 iron dragon skeletons (Port) 3 frost giant skeletons 6 stone giant skeletons 4 fire giant skeletons An alligator snapping turtle zombie (Crypt:5) A dire elephant skeleton (Crypt:4) A death yak zombie (Crypt:5) 3 iron troll zombies An alligator snapping turtle skeleton (Port) A golden dragon simulacrum (Port) A death yak skeleton (Abyss) 7 death drake zombies An iron troll skeleton (Vault:2) 4 hydra skeletons A wolf spider zombie (D:15) 2 death drake skeletons 4 ice dragon zombies A guardian serpent zombie (Crypt:5) An alligator zombie (Port) A giant toad zombie (Crypt:5) A dragon skeleton (Crypt:5) A guardian serpent skeleton (D:23) An alligator skeleton (Crypt:3) A queen ant zombie (Abyss) An emperor scorpion zombie (Crypt:5) 3 hill giant zombies A giant toad skeleton (Crypt:5) A hill giant skeleton (D:15) A deep troll skeleton (Vault:4) 7 rock troll skeletons A snapping turtle skeleton (Crypt:3) 2 elephant zombies An elephant skeleton (Crypt:4) 2 dragon simulacra A yaktaur zombie (Vault:1) A giant slug zombie (Vault:2) 3 cyclops zombies A yaktaur skeleton (D:19) A wyvern zombie (D:13) A rock worm zombie (Crypt:2) 2 wyvern skeletons A troll zombie (Crypt:1) A bear skeleton (Crypt:5) 3 bear simulacra (Port) 3 grizzly bear simulacra (Port) A mottled dragon zombie (Crypt:1) A swamp drake zombie (Crypt:1) A steam dragon skeleton (Crypt:5)
123 creatures vanquished.
3803 creatures vanquished. Monster Nature Uniques Dispater (Dis:7) Saint Roka (Vault:2) Boris (D:26) Mara (Vault:3) Margery (D:22) Mennas (Crypt:1) Geryon (Hell) Xtahua (Shoals:5) Frederick (Vault:2) Kirke (Snake:2) Rupert (Elf:3) Agnes (Elf:3) Frances (Vault:8) Ilsuiw (Shoals:5) Donald (Elf:3) Louise (Snake:2) Maud (Lair:4) Wiglaf (Snake:3) Snorg (Shoals:3) Polyphemus (Shoals:1) Nergalle (Elf:4) Urug (D:10) Eustachio (D:8) Grum (Orc:2) Duvessa (D:8) Dowan (D:8)
26 creatures vanquished. Natural Monsters A Killer Klown (Zot:5) A golden dragon (Vault:8) A golden dragon (shapeshifter) (Vault:5) 15 Orb Guardians (Zot:5) An acid blob (Port) 5 deep elf blademasters (Elf:7) A titan (Vault:8) 2 quicksilver dragons (Vault:8) 8 shadow dragons A sphinx (Vault:8) 8 storm dragons A draconian knight (Zot:5) A draconian monk (Zot:3) 15 frost giants 2 draconian scorchers An orc warlord (D:27) 3 iron dragons (Dis:7) 48 stone giants 5 fire giants A draconian annihilator (Zot:3) A yellow draconian (Zot:1) 2 draconian shifters (Zot:1) An alligator snapping turtle (shapeshifter) (Vault:8) A green draconian (Zot:2) 4 grey draconians 12 deep elf annihilators 17 greater nagas (Snake:5) 5 deep elf sorcerers 3 white draconians 6 deep elf death magi 5 dire elephants (Lair:8) 3 purple draconians 4 deep elf master archers (Elf:7) A minotaur (Lab) 3 mottled draconians 2 dragons 24 vault guards (Vault:7) 3 sirens 38 yaktaur captains 4 merfolk aquamancers 4 merfolk javelineers (Shoals:5) 2 ice dragons (shapeshifter) (Vault:8) 4 ice dragons An alligator snapping turtle (Shoals:5) 3 deep elf demonologists 6 anacondas 2 death yaks (shapeshifter) 13 deep trolls 13 hydras An alligator (shapeshifter) (Vault:8) 3 deep elf high priests (Elf:7) 6 merfolk impalers 15 death yaks 10 ogre magi 13 very ugly things 18 centaur warriors 5 griffons 4 hell knights 47 deep elf knights 2 giant orange brains 12 iron trolls 8 sea snakes 10 naga warriors 12 guardian serpents 2 draconians (shapeshifter) A giant amoeba (shapeshifter) (Hell) 2 unseen horrors 2 wizards 4 giant amoebae A harpy (shapeshifter) (D:16) A hill giant (shapeshifter) (Vault:1) 21 orc knights 5 necromancers 6 orc sorcerers A shining eye (shapeshifter) (Vault:6) 12 cyclopes A spiny worm (D:18) A shining eye (Port) 11 harpies 4 red wasps 2 snapping turtles (shapeshifter) (Vault:8) 5 moths of wrath 2 cyclopes (shapeshifter) 2 trapdoor spiders 2 spiny frogs (shapeshifter) An elephant slug (Lair:5) 11 hill giants 27 black mambas An elephant (shapeshifter) (Vault:8) A wolf spider (shapeshifter) (Vault:8) 87 yaktaurs 27 elephants 18 slime creatures A queen ant (D:11) A wolf spider (Vault:1) 14 spiny frogs A rock troll (shapeshifter) (Vault:8) A slime creature (shapeshifter) (Hell) 15 naga magi 7 mermaids 8 komodo dragons 5 rock trolls An ettin (shapeshifter) (Vault:7) 2 redbacks 98 ugly things 16 two-headed ogres 3 spriggans (shapeshifter) 13 trolls An ettin (D:27) 3 queen bees 10 snapping turtles A polar bear (shapeshifter) (D:22) 21 giant toads 4 bumblebees (D:24) 17 blink frogs 4 wyverns 2 hogs (Snake:2) A grizzly bear (Port) 2 sharks (Shoals:3) 15 deep elf summoners 48 yaks 36 deep elf conjurers 7 giant blowflies A bear (shapeshifter) (Elf:6) 3 merfolk (shapeshifter) 9 soldier ants 10 golden eyes (Abyss) 6 vipers 2 rock worms A fire drake (Lair:8) 15 manticores 3 mottled dragons 2 giant slugs (shapeshifter) 17 hippogriffs 59 deep elf fighters 2 vipers (shapeshifter) 48 merfolk 12 war dogs 40 orc warriors 24 deep elf priests A black bear (shapeshifter) (D:16) 2 yellow wasps 7 giant goldfish 10 ice beasts A boring beetle (shapeshifter) (Elf:3) 7 gila monsters 3 boring beetles 31 centaurs 47 ogres 41 water moccasins A big kobold (D:11) 7 wargs 5 brain worms 11 crocodiles 45 nagas 28 deep elf magi 19 giant frogs 3 wolves 14 giant slugs 11 agate snails A lava fish (Hell) 3 jellyfish An eye of draining (D:17) 2 boulder beetles 196 killer bees A giant beetle (D:11) 5 electric eels 7 iguanas 16 orange rats A pulsating lump (shapeshifter) (D:27) 8 big fish 8 hounds 26 giant ants 20 orc priests 27 orc wizards 94 deep elf soldiers 2 elves (shapeshifter) 3 scorpions 23 sheep A boggart (D:20) 6 jellies 37 green rats 8 gnolls 4 giant centipedes 42 snakes A snake (shapeshifter) (Vault:8) 5 giant mites A giant mite (shapeshifter) (Vault:4) 6 worms 88 grey rats A giant eyeball (D:8) 3 giant mosquitos (Vault:1) 2 oozes 5 giant cockroaches 27 hobgoblins 19 jackals 148 orcs 3 orcs (shapeshifter) (Vault:8) 12 quokkas A small snake (D:2) An ant larva (D:9) 97 giant bats 6 giant geckos 7 giant newts 27 goblins 57 killer bee larvae 31 kobolds 50 rats A butterfly (D:6)
2782 creatures vanquished. Non-Living Monsters 2 electric golems (Zot:5) 11 dancing weapons 12 iron golems (Dis:7) 4 ice statues A statue (Elf:2) 7 mimics An air elemental (Abyss) A fire elemental (Port) 20 metal gargoyles (Dis:7) A clay golem (Abyss) 3 water elementals (Shoals:5) A spatial vortex (Vault:3) 21 insubstantial wisps 2 silver statues
87 creatures vanquished. Undead Monsters An ancient lich (Zot:5) The ghost of hyperbolic the Eviscerator, a legendary FeWn of Makhleb (Port) 3 greater mummies (Port) 3 liches 3 bone dragons The ghost of noom the Conjurer, a mighty DDWz of Makhleb (Shoals:2) 2 quicksilver dragon skeletons (Port) 3 sphinx zombies 3 sphinx skeletons 2 vampire knights (Crypt:5) A titan zombie (Port) A storm dragon zombie (Crypt:4) 4 mummy priests (Port) A golden dragon zombie (Crypt:1) 3 storm dragon skeletons An anaconda zombie (Crypt:1) A shadow dragon zombie (Crypt:5) 6 iron dragon zombies 3 frost giant zombies 3 shadow dragon skeletons 4 stone giant zombies 2 iron dragon skeletons (Port) 3 frost giant skeletons 6 stone giant skeletons 4 fire giant skeletons 2 shadow wraiths 72 skeletal warriors A grey draconian zombie (Abyss) 3 pale draconian zombies An alligator snapping turtle zombie (Crypt:5) 2 black draconian zombies A dire elephant skeleton (Crypt:4) A green draconian zombie (Port) A mottled draconian zombie (Crypt:5) A white draconian zombie (Crypt:3) A red draconian zombie (Port) A death yak zombie (Crypt:5) 3 iron troll zombies 2 vampire magi (Crypt:5) An alligator snapping turtle skeleton (Port) A white draconian skeleton (Crypt:5) 5 flaming corpses 2 green draconian skeletons 8 flayed ghosts A red draconian skeleton (Port) A golden dragon simulacrum (Port) A mottled draconian skeleton (Port) A death yak skeleton (Abyss) 7 death drake zombies An iron troll skeleton (Vault:2) 2 black draconian skeletons A siren zombie (Crypt:5) 4 hydra skeletons 6 phantasmal warriors A siren skeleton (Port) A wolf spider zombie (D:15) 2 death drake skeletons 4 ice dragon zombies A red wasp zombie (Vault:4) A guardian serpent zombie (Crypt:5) An alligator zombie (Port) A giant toad zombie (Crypt:5) A dragon skeleton (Crypt:5) A guardian serpent skeleton (D:23) An alligator skeleton (Crypt:3) A spriggan zombie (Crypt:1) A queen ant zombie (Abyss) An emperor scorpion zombie (Crypt:5) 8 guardian mummies (Port) 3 hill giant zombies A giant toad skeleton (Crypt:5) A silent spectre (Crypt:4) A hill giant skeleton (D:15) A green draconian simulacrum (Port) A human zombie (Port) A deep troll skeleton (Vault:4) 7 rock troll skeletons A nisse skeleton (Crypt:5) A snapping turtle skeleton (Crypt:3) 2 elephant zombies 24 wraiths A viper zombie (Crypt:4) An elephant skeleton (Crypt:4) 15 vampires A viper skeleton (Crypt:3) 2 dragon simulacra A giant blowfly zombie (D:11) 4 hungry ghosts A yaktaur zombie (Vault:1) A mermaid zombie (Crypt:5) A giant slug zombie (Vault:2) 3 cyclops zombies 11 freezing wraiths A yaktaur skeleton (D:19) A mermaid skeleton (Vault:4) 3 ghouls (Crypt:2) A wyvern zombie (D:13) 7 phantoms 14 necrophages A rock worm zombie (Crypt:2) A giant blowfly simulacrum (D:16) 2 wyvern skeletons A bumblebee zombie (Crypt:4) A troll zombie (Crypt:1) A bear skeleton (Crypt:5) A wolf skeleton (Crypt:3) A yellow wasp zombie (Dis:7) A soldier ant zombie (Crypt:4) 3 black bear zombies 3 bear simulacra (Port) 3 grizzly bear simulacra (Port) A felid zombie (Crypt:5) 2 human simulacra (Port) 3 killer bee zombies 39 wights A gila monster zombie (Dis:5) A brain worm zombie (D:13) 2 demonspawn zombies A mottled dragon zombie (Crypt:1) 4 big kobold skeletons A kenku skeleton (Crypt:3) A hound zombie (D:19) A gila monster skeleton (Crypt:3) A hound skeleton (D:14) 14 shadows An orange rat zombie (Vault:1) A swamp drake zombie (Crypt:1) 2 giant ant zombies 2 worm zombies A steam dragon skeleton (Crypt:5) A giant beetle zombie (D:12) 26 flying skulls 2 mummies A snake zombie (D:18) 8 elf zombies A giant centipede zombie (Crypt:3) 4 snake skeletons 2 giant bat skeletons A green rat zombie (Crypt:5) 2 ant larva zombies (Crypt:5) A goblin zombie (Crypt:3) A grey rat skeleton (Crypt:4) A grey rat zombie (Dis:6) A jackal skeleton (Crypt:2) A kobold skeleton (D:9) A kobold zombie (Dis:3) An orc skeleton (Vault:4) 2 orc zombies A quokka skeleton (D:16) A rat skeleton (D:21)
495 creatures vanquished. Demonic Monsters 4 Fiends (Dis:7) 6 demon lords 2 Executioners 4 Ice Fiends 2 Balrugs 7 tentacled monstrosities 3 Green Deaths 4 Pit Fiends 2 Blue Deaths 3 Cacodemons A rakshasa (D:20) 9 ice devils 3 soul eaters A sun demon (Abyss) 7 hellions A Lorocyproca (Port) 11 orange demons 17 hellwings 10 smoke demons 10 reapers 9 tormentors 4 efreeti 15 iron devils 13 large large abominations A demonic crawler (Vault:1) 3 sixfirhies 11 blue devils A chaos spawn (Vault:1) 3 beasts 8 ynoxinuls 2 hairy devils 14 neqoxecs 29 hell hounds 9 red devils 3 rotting devils 11 small abominations A quasit (D:9) 19 imps 31 iron imps 10 lemures 12 midges 11 shadow imps 11 white imps 38 ufetubi An illusory rakshasa (D:20)
377 creatures vanquished. Plants An oklob plant (Shoals:5) 4 wandering mushrooms (Lair:7) A giant spore (D:7) 2 bushes 8 fungi 14 plants A toadstool (D:3)
31 creatures vanquished.
3803 creatures vanquished. Ascending Order Dispater (Dis:7) An ancient lich (Zot:5) Saint Roka (Vault:2) Boris (D:26) The ghost of hyperbolic the Eviscerator, a legendary FeWn of Makhleb (Port) Mara (Vault:3) Margery (D:22) A Killer Klown (Zot:5) Mennas (Crypt:1) Geryon (Hell) Xtahua (Shoals:5) Frederick (Vault:2) A golden dragon (Vault:8) A golden dragon (shapeshifter) (Vault:5) An acid blob (Port) A titan (Vault:8) Kirke (Snake:2) A Daeva (Port) Rupert (Elf:3) Agnes (Elf:3) A sphinx (Vault:8) Frances (Vault:8) A draconian knight (Zot:5) A draconian monk (Zot:3) Ilsuiw (Shoals:5) Donald (Elf:3) Louise (Snake:2) The ghost of noom the Conjurer, a mighty DDWz of Makhleb (Shoals:2) An orc warlord (D:27) Maud (Lair:4) A draconian annihilator (Zot:3) A yellow draconian (Zot:1) An alligator snapping turtle (shapeshifter) (Vault:8) A green draconian (Zot:2) Wiglaf (Snake:3) A minotaur (Lab) A titan zombie (Port) Snorg (Shoals:3) A storm dragon zombie (Crypt:4) A golden dragon zombie (Crypt:1) Polyphemus (Shoals:1) An anaconda zombie (Crypt:1) An alligator snapping turtle (Shoals:5) A shadow dragon zombie (Crypt:5) A rakshasa (D:20) An alligator (shapeshifter) (Vault:8) Nergalle (Elf:4) A sun demon (Abyss) A grey draconian zombie (Abyss) An alligator snapping turtle zombie (Crypt:5) A dire elephant skeleton (Crypt:4) A green draconian zombie (Port) A mottled draconian zombie (Crypt:5) A white draconian zombie (Crypt:3) A red draconian zombie (Port) A giant amoeba (shapeshifter) (Hell) A death yak zombie (Crypt:5) An alligator snapping turtle skeleton (Port) A white draconian skeleton (Crypt:5) A hill giant (shapeshifter) (Vault:1) A harpy (shapeshifter) (D:16) A red draconian skeleton (Port) A golden dragon simulacrum (Port) A mottled draconian skeleton (Port) A death yak skeleton (Abyss) A shining eye (shapeshifter) (Vault:6) Urug (D:10) A spiny worm (D:18) An iron troll skeleton (Vault:2) A siren zombie (Crypt:5) A statue (Elf:2) An oklob plant (Shoals:5) A shining eye (Port) A siren skeleton (Port) A wolf spider zombie (D:15) A Lorocyproca (Port) A red wasp zombie (Vault:4) An elephant slug (Lair:5) An elephant (shapeshifter) (Vault:8) A guardian serpent zombie (Crypt:5) A wolf spider (shapeshifter) (Vault:8) An alligator zombie (Port) A giant toad zombie (Crypt:5) A dragon skeleton (Crypt:5) A queen ant (D:11) A guardian serpent skeleton (D:23) A wolf spider (Vault:1) A spriggan zombie (Crypt:1) An alligator skeleton (Crypt:3) A queen ant zombie (Abyss) An emperor scorpion zombie (Crypt:5) A slime creature (shapeshifter) (Hell) A rock troll (shapeshifter) (Vault:8) A giant toad skeleton (Crypt:5) A silent spectre (Crypt:4) A hill giant skeleton (D:15) A green draconian simulacrum (Port) A human zombie (Port) An ettin (shapeshifter) (Vault:7) An ettin (D:27) A demonic crawler (Vault:1) A polar bear (shapeshifter) (D:22) A deep troll skeleton (Vault:4) A nisse skeleton (Crypt:5) A snapping turtle skeleton (Crypt:3) A grizzly bear (Port) An air elemental (Abyss) A chaos spawn (Vault:1) A fire elemental (Port) A viper zombie (Crypt:4) An elephant skeleton (Crypt:4) Eustachio (D:8) A bear (shapeshifter) (Elf:6) A viper skeleton (Crypt:3) Grum (Orc:2) A clay golem (Abyss) A giant blowfly zombie (D:11) A fire drake (Lair:8) A yaktaur zombie (Vault:1) A mermaid zombie (Crypt:5) A spatial vortex (Vault:3) A giant slug zombie (Vault:2) A yaktaur skeleton (D:19) A mermaid skeleton (Vault:4) A wyvern zombie (D:13) A rock worm zombie (Crypt:2) A black bear (shapeshifter) (D:16) A giant blowfly simulacrum (D:16) A boring beetle (shapeshifter) (Elf:3) A bumblebee zombie (Crypt:4) A troll zombie (Crypt:1) A bear skeleton (Crypt:5) A big kobold (D:11) Duvessa (D:8) A wolf skeleton (Crypt:3) A yellow wasp zombie (Dis:7) A soldier ant zombie (Crypt:4) A lava fish (Hell) An eye of draining (D:17) A felid zombie (Crypt:5) A gila monster zombie (Dis:5) A brain worm zombie (D:13) A giant beetle (D:11) A mottled dragon zombie (Crypt:1) Dowan (D:8) A kenku skeleton (Crypt:3) A quasit (D:9) A hound zombie (D:19) A gila monster skeleton (Crypt:3) A pulsating lump (shapeshifter) (D:27) A hound skeleton (D:14) An orange rat zombie (Vault:1) A swamp drake zombie (Crypt:1) A boggart (D:20) A steam dragon skeleton (Crypt:5) A giant beetle zombie (D:12) A snake zombie (D:18) A snake (shapeshifter) (Vault:8) A giant centipede zombie (Crypt:3) A giant mite (shapeshifter) (Vault:4) A green rat zombie (Crypt:5) A giant eyeball (D:8) A small snake (D:2) A kobold zombie (Dis:3) An orc skeleton (Vault:4) A rat skeleton (D:21) A quokka skeleton (D:16) An ant larva (D:9) A kobold skeleton (D:9) A grey rat skeleton (Crypt:4) A giant spore (D:7) A grey rat zombie (Dis:6) A jackal skeleton (Crypt:2) An illusory rakshasa (D:20) A goblin zombie (Crypt:3) A butterfly (D:6) A toadstool (D:3) 2 electric golems (Zot:5) 2 quicksilver dragons (Vault:8) 2 Executioners 2 Balrugs 2 draconian scorchers 2 Cherubs (Port) 2 quicksilver dragon skeletons (Port) 2 Angels 2 draconian shifters (Zot:1) 2 Blue Deaths 2 vampire knights (Crypt:5) 2 dragons 2 ice dragons (shapeshifter) (Vault:8) 2 death yaks (shapeshifter) 2 iron dragon skeletons (Port) 2 shadow wraiths 2 giant orange brains 2 black draconian zombies 2 draconians (shapeshifter) 2 unseen horrors 2 vampire magi (Crypt:5) 2 wizards 2 green draconian skeletons 2 black draconian skeletons 2 snapping turtles (shapeshifter) (Vault:8) 2 death drake skeletons 2 cyclopes (shapeshifter) 2 trapdoor spiders 2 spiny frogs (shapeshifter) 2 redbacks 2 hogs (Snake:2) 2 elephant zombies 2 sharks (Shoals:3) 2 dragon simulacra 2 rock worms 2 hairy devils 2 giant slugs (shapeshifter) 2 vipers (shapeshifter) 2 yellow wasps 2 wyvern skeletons 2 silver statues 2 boulder beetles 2 human simulacra (Port) 2 demonspawn zombies 2 elves (shapeshifter) 2 giant ant zombies 2 worm zombies 2 mummies 2 giant bat skeletons 2 oozes 2 ant larva zombies (Crypt:5) 2 orc zombies 2 bushes 3 greater mummies (Port) 3 liches 3 bone dragons 3 iron dragons (Dis:7) 3 sphinx zombies 3 Green Deaths 3 sphinx skeletons 3 white draconians 3 purple draconians 3 mottled draconians 3 Cacodemons 3 sirens 3 storm dragon skeletons 3 deep elf demonologists 3 deep elf high priests (Elf:7) 3 frost giant zombies 3 shadow dragon skeletons 3 frost giant skeletons 3 soul eaters 3 pale draconian zombies 3 iron troll zombies 3 hill giant zombies 3 spriggans (shapeshifter) 3 queen bees 3 sixfirhies 3 beasts 3 merfolk (shapeshifter) 3 mottled dragons 3 water elementals (Shoals:5) 3 cyclops zombies 3 ghouls (Crypt:2) 3 boring beetles 3 rotting devils 3 wolves 3 black bear zombies 3 bear simulacra (Port) 3 jellyfish 3 grizzly bear simulacra (Port) 3 killer bee zombies 3 scorpions 3 giant mosquitos (Vault:1) 3 orcs (shapeshifter) (Vault:8) 4 Fiends (Dis:7) 4 Ice Fiends 4 Pit Fiends 4 grey draconians 4 deep elf master archers (Elf:7) 4 mummy priests (Port) 4 merfolk aquamancers 4 merfolk javelineers (Shoals:5) 4 ice dragons 4 stone giant zombies 4 fire giant skeletons 4 hell knights 4 ice statues 4 giant amoebae 4 red wasps 4 hydra skeletons 4 ice dragon zombies 4 efreeti 4 bumblebees (D:24) 4 wyverns 4 wandering mushrooms (Lair:7) 4 hungry ghosts 4 big kobold skeletons 4 giant centipedes 4 snake skeletons 5 deep elf blademasters (Elf:7) 5 fire giants 5 deep elf sorcerers 5 dire elephants (Lair:8) 5 griffons 5 flaming corpses 5 necromancers 5 moths of wrath 5 rock trolls 5 brain worms 5 electric eels 5 giant mites 5 giant cockroaches 6 demon lords 6 deep elf death magi 6 anacondas 6 iron dragon zombies 6 merfolk impalers 6 stone giant skeletons 6 orc sorcerers 6 phantasmal warriors 6 vipers 6 jellies 6 worms 6 giant geckos 7 tentacled monstrosities 7 death drake zombies 7 hellions 7 mimics 7 mermaids 7 rock troll skeletons 7 giant blowflies 7 phantoms 7 giant goldfish 7 gila monsters 7 wargs 7 iguanas 7 giant newts 8 shadow dragons 8 storm dragons 8 sea snakes 8 flayed ghosts 8 guardian mummies (Port) 8 komodo dragons 8 ynoxinuls 8 big fish 8 hounds 8 gnolls 8 elf zombies 8 fungi 9 ice devils 9 tormentors 9 soldier ants 9 red devils 10 ogre magi 10 naga warriors 10 smoke demons 10 reapers 10 snapping turtles 10 golden eyes (Abyss) 10 ice beasts 10 lemures 11 dancing weapons 11 harpies 11 orange demons 11 hill giants 11 blue devils 11 freezing wraiths 11 crocodiles 11 small abominations 11 agate snails 11 shadow imps 11 white imps 12 deep elf annihilators 12 iron golems (Dis:7) 12 iron trolls 12 guardian serpents 12 cyclopes 12 war dogs 12 midges 12 quokkas 13 deep trolls 13 hydras 13 very ugly things 13 trolls 13 large large abominations 14 spiny frogs 14 neqoxecs 14 necrophages 14 giant slugs 14 shadows 14 plants 15 Orb Guardians (Zot:5) 15 frost giants 15 death yaks 15 naga magi 15 iron devils 15 deep elf summoners 15 vampires 15 manticores 16 two-headed ogres 16 orange rats 17 greater nagas (Snake:5) 17 hellwings 17 blink frogs 17 hippogriffs 18 centaur warriors 18 slime creatures 19 giant frogs 19 imps 19 jackals 20 metal gargoyles (Dis:7) 20 orc priests 21 orc knights 21 giant toads 21 insubstantial wisps 23 sheep 24 vault guards (Vault:7) 24 wraiths 24 deep elf priests 26 giant ants 26 flying skulls 27 black mambas 27 elephants 27 orc wizards 27 hobgoblins 27 goblins 28 deep elf magi 29 hell hounds 31 centaurs 31 iron imps 31 kobolds 36 deep elf conjurers 37 green rats 38 yaktaur captains 38 ufetubi 39 wights 40 orc warriors 41 water moccasins 42 snakes 45 nagas 47 deep elf knights 47 ogres 48 stone giants 48 yaks 48 merfolk 50 rats 57 killer bee larvae 59 deep elf fighters 72 skeletal warriors 87 yaktaurs 88 grey rats 94 deep elf soldiers 97 giant bats 98 ugly things 148 orcs 196 killer bees
3803 creatures vanquished. The 3-digit Club 148 orcs 196 killer bees
344 creatures vanquished. ----------------------------------------

Vanquished Creatures (others)
  Monster Symbol All '@'
  A human (Snake:2)
1 creature vanquished. All '3' A hellwing (Port)
1 creature vanquished. All '5' An iron imp (Elf:7) A shadow imp (Port)
2 creatures vanquished. All 'a' A giant ant (D:11)
1 creature vanquished. All 'e' A deep elf conjurer (Elf:2) A deep elf fighter (Elf:2) 3 deep elf soldiers
5 creatures vanquished. All 'f' 15 fungi 20 toadstools
35 creatures vanquished. All 'F' A giant frog (D:24)
1 creature vanquished. All 'g' 2 hobgoblins
2 creatures vanquished. All 'h' 2 hell hounds (Dis:7) A hound (D:22)
3 creatures vanquished. All 'J' 7 slime creatures
7 creatures vanquished. All 'k' 4 killer bee larvae (Hive:2)
4 creatures vanquished. All 'M' A mummy (Dis:7)
1 creature vanquished. All 'o' 3 orcs (Orc:3)
3 creatures vanquished. All 'P' 19 plants
19 creatures vanquished. All 'r' An orange rat (Elf:2) 5 grey rats 3 rats
9 creatures vanquished. All 'S' 2 snakes (Snake:1)
2 creatures vanquished. All 'u' An ugly thing (Vault:5)
1 creature vanquished. All 'x' 3 small abominations
3 creatures vanquished. All 'Y' A yak (D:21)
1 creature vanquished. All 'z' An elf zombie (Dis:6) A small snake zombie (Crypt:5)
2 creatures vanquished. All 'Z' A wyvern zombie (Crypt:5) A polar bear zombie (Crypt:5)
2 creatures vanquished.
105 creatures vanquished. Monster Nature Natural Monsters 7 slime creatures An ugly thing (Vault:5) A deep elf conjurer (Elf:2) A yak (D:21) A deep elf fighter (Elf:2) A giant frog (D:24) A hound (D:22) An orange rat (Elf:2) A giant ant (D:11) 3 deep elf soldiers 2 snakes (Snake:1) 5 grey rats 2 hobgoblins 3 orcs (Orc:3) A human (Snake:2) 4 killer bee larvae (Hive:2) 3 rats
38 creatures vanquished. Undead Monsters A wyvern zombie (Crypt:5) A polar bear zombie (Crypt:5) An elf zombie (Dis:6) A mummy (Dis:7) A small snake zombie (Crypt:5)
5 creatures vanquished. Demonic Monsters A hellwing (Port) 2 hell hounds (Dis:7) 3 small abominations An iron imp (Elf:7) A shadow imp (Port)
8 creatures vanquished. Plants 15 fungi 19 plants 20 toadstools
54 creatures vanquished.
105 creatures vanquished. Ascending Order A hellwing (Port) An ugly thing (Vault:5) A deep elf conjurer (Elf:2) A yak (D:21) A deep elf fighter (Elf:2) A wyvern zombie (Crypt:5) A polar bear zombie (Crypt:5) A giant frog (D:24) A hound (D:22) An iron imp (Elf:7) An orange rat (Elf:2) A giant ant (D:11) An elf zombie (Dis:6) A mummy (Dis:7) A shadow imp (Port) A human (Snake:2) A small snake zombie (Crypt:5) 2 hell hounds (Dis:7) 2 snakes (Snake:1) 2 hobgoblins 3 small abominations 3 deep elf soldiers 3 orcs (Orc:3) 3 rats 4 killer bee larvae (Hive:2) 5 grey rats 7 slime creatures 15 fungi 19 plants 20 toadstools
105 creatures vanquished. ----------------------------------------

Grand Total: 3908 creatures vanquished

Notes
Turn   | Place    | Note
--------------------------------------------------------------
     0 | D:1      | 78291, the Demonspawn Fighter, began the quest for the Orb.
     0 | D:1      | Reached XP level 1. HP: 15/15 MP: 0/0
   521 | D:1      | Gained mutation: Your flesh is cold resistant.
   521 | D:1      | Gained mutation: You have sharp toenails.
   521 | D:1      | Reached XP level 2. HP: 21/21 MP: 1/1
  1558 | D:2      | Reached XP level 3. HP: 21/27 MP: 2/2
  2930 | D:3      | Gained mutation: You are partially covered in sharp spines.
  2930 | D:3      | Reached XP level 4. HP: 30/33 MP: 3/3
  4235 | D:4      | Found a staircase to the Ecumenical Temple.
  4259 | Temple   | Entered the Ecumenical Temple
  4473 | D:4      | Reached XP level 5. HP: 35/40 MP: 4/4
  4927 | D:4      | An orc warrior changed into a killer bee
  4942 | D:4      | Defeated a killer bee
  5232 | D:3      | Reached skill 4 in Armour
  5595 | D:5      | Entered Level 5 of the Dungeon
  5835 | D:5      | Found an iron altar of Okawaru.
  5848 | D:5      | Became a worshipper of Warmaster Okawaru
  5892 | D:5      | Found a white marble altar of Elyvilon.
  5966 | D:5      | Gained mutation: You are partially covered in rough black scales (AC +4, Dex -1).
  5966 | D:5      | Reached XP level 6. HP: 37/45 MP: 5/5
  6235 | D:6      | Acquired Okawaru's first power
  6265 | D:6      | Found a shimmering altar of Xom.
  6500 | D:6      | Gained mutation: You are very good at protecting items from cold.
  6500 | D:6      | Reached XP level 7. HP: 42/52 MP: 6/6
  6621 | D:6      | Noticed an oklob plant
  6640 | D:6      | Found a shimmering altar of Xom.
  6859 | D:7      | Reached skill 5 in Maces & Flails
  7132 | D:7      | Found a bloodstained altar of Trog.
  7882 | D:8      | Noticed Duvessa
  7882 | D:8      | Noticed Dowan
  8082 | D:8      | Defeated Duvessa
  8210 | D:8      | Reached XP level 8. HP: 57/59 MP: 7/7
  8371 | D:7      | Learned a level 1 spell: Shock
  8713 | D:8      | Reached skill 6 in Maces & Flails
  8934 | D:8      | Noticed Eustachio
  8941 | D:8      | Defeated Dowan
  8945 | D:8      | Reached XP level 7. HP: 49/54 MP: 7/7
  8948 | D:8      | Defeated Eustachio
  8948 | D:8      | Reached XP level 8. HP: 39/59 MP: 8/9
  9094 | D:9      | Found a bloodstained altar of Trog.
 10029 | D:10     | Entered Level 10 of the Dungeon
 10240 | D:10     | Found a staircase to the Lair.
 10261 | D:10     | Reached XP level 9. HP: 66/68 MP: 12/12
 10389 | D:10     | Reached skill 7 in Maces & Flails
 10643 | D:10     | Noticed Urug
 10661 | D:10     | Defeated Urug
 11151 | D:11     | Found a staircase to the Orcish Mines.
 11308 | Lair:1   | Entered Level 1 of the Lair of Beasts
 11772 | Lair:1   | Reached skill 8 in Maces & Flails
 11909 | Lair:2   | Reached XP level 10. HP: 38/76 MP: 11/14
 12300 | Lair:2   | Acquired Okawaru's second power
 13765 | Lair:1   | Got a heavily runed ivory ring
 14530 | Lair:3   | Received a gift from Okawaru
 14652 | Lair:3   | Reached XP level 11. HP: 62/85 MP: 17/18
 15110 | Lair:3   | Reached skill 9 in Maces & Flails
 15521 | Lair:4   | Noticed Maud
 15708 | Lair:4   | Received a gift from Okawaru
 15716 | Lair:4   | Got an ichor-stained longbow {god gift}
 15717 | Lair:4   | Identified the longbow of Xochi {god gift, velocity, MR Stlth--} (Okawaru gifted it to you on level 4 of the Lair of Beasts)
 15781 | Lair:4   | Got a levitating book
 15782 | Lair:4   | Identified Umodoawk's Compendium of Spatial Moulding (You found it on level 4 of the Lair of Beasts)
 15906 | Lair:4   | Found a staircase to the Snake Pit.
 16240 | Lair:4   | Defeated Maud
 17159 | Lair:5   | Found a staircase to the Shoals.
 17573 | Lair:5   | Got a slimy cloak
 17798 | Lair:5   | Found a crumbling entrance.
 17806 | Spider   | Entered a spider's nest
 17977 | Lair:5   | Reached XP level 12. HP: 85/96 MP: 15/20
 18139 | Lair:6   | Received a gift from Okawaru
 18599 | Lair:6   | Reached skill 10 in Fighting
 19491 | Lair:1   | Learned a level 2 spell: Swiftness
 19494 | Lair:1   | Learned a level 2 spell: Repel Missiles
 20487 | Lair:8   | Entered Level 8 of the Lair of Beasts
 20802 | Lair:8   | Reached skill 11 in Fighting
 20858 | Lair:8   | Received a gift from Okawaru
 21324 | Lair:8   | Gained mutation: You can spit poison.
 21324 | Lair:8   | Reached XP level 13. HP: 84/107 MP: 18/21
 21910 | Lair:8   | Found a staircase to the Slime Pits.
 22123 | Lair:8   | Reached skill 12 in Fighting
 22733 | Lair:1   | Identified the cursed +0 cloak "Todad" (You found it on level 5 of the Lair of Beasts)
 23850 | D:11     | Received a gift from Okawaru
 24313 | Orc:1    | Entered Level 1 of the Orcish Mines
 24474 | Orc:2    | Noticed Grum
 24585 | Orc:2    | Defeated Grum
 24765 | Orc:4    | Entered Level 4 of the Orcish Mines
 24767 | Orc:4    | Found Qacis' Assorted Antiques.
 25044 | Orc:4    | Received a gift from Okawaru
 25834 | Orc:4    | Found a staircase to the Elven Halls.
 26059 | Orc:3    | Received a gift from Okawaru
 27968 | D:13     | Reached skill 13 in Fighting
 28165 | D:13     | Noticed a queen bee
 28184 | D:13     | Defeated a queen bee
 28184 | D:13     | Received a gift from Okawaru
 30063 | D:15     | Entered Level 15 of the Dungeon
 30261 | D:15     | Found a staircase to the Hive.
 30922 | D:16     | Gained mutation: You can spit moderately strong poison.
 30922 | D:16     | Reached XP level 14. HP: 110/119 MP: 22/24
 30936 | D:16     | Received a gift from Okawaru
 30937 | D:16     | Got a shimmering leather armour {god gift}
 31821 | D:16     | Got an ancient whip
 31929 | D:16     | Identified the cursed whip of Starshine {antimagic, MR} (You found it on level 16 of the Dungeon)
 32417 | Hive:1   | Entered Level 1 of the Hive
 32561 | Hive:1   | Found a labyrinth entrance.
 32583 | Lab      | Entered a Labyrinth
 32892 | Lab      | Identified the +3 leather armour "Seaba" {god gift} (Okawaru gifted it to you on level 16 of the Dungeon)
 33748 | Lab      | Identified the ring of Atamoh (You acquired it on level 1 of the Lair of Beasts)
 33753 | Lab      | Got a warped katana
 34194 | Hive:2   | Entered Level 2 of the Hive
 34269 | Hive:2   | Received a gift from Okawaru
 34270 | Hive:2   | Got a smoking sling {god gift}
 34271 | Hive:2   | Identified the sling "Jiusol" {god gift, venom, Int+3} (Okawaru gifted it to you on level 2 of the Hive)
 34676 | Hive:2   | Received a gift from Okawaru
 35415 | Lair:1   | Identified the katana of Abomination {slice, +Blink +Inv rPois rN+ Int-2} (You found it in a Labyrinth)
 36149 | Hive:2   | Received a gift from Okawaru
 36265 | Hive:2   | Got a brightly glowing centaur barding
 36839 | Lair:1   | Identified the +2 centaur barding of Inviolability (You found it on level 2 of the Hive)
 37346 | D:17     | Reached skill 14 in Fighting
 37594 | D:17     | Found a frozen archway.
 37623 | IceCv    | Entered an ice cave
 39396 | D:18     | Found a staircase to the Vaults.
 39540 | D:18     | Noticed Roxanne
 39923 | D:21     | Received a gift from Okawaru
 39924 | D:21     | Got a pair of warped boots {god gift}
 39927 | D:21     | Identified the +0 pair of boots "Baseciup" {god gift} (Okawaru gifted it to you on level 21 of the Dungeon)
 39946 | D:21     | Gained mutation: You are mostly covered in sharp spines.
 39946 | D:21     | Gained mutation: A meltable icy envelope protects you from harm (AC +1).
 39946 | D:21     | Reached XP level 15. HP: 88/129 MP: 25/25
 40390 | D:21     | Found a gateway to a ziggurat.
 40800 | D:21     | Found a gateway to Hell.
 41073 | D:20     | Entered Level 20 of the Dungeon
 41256 | D:20     | Got a steaming lajatang
 41257 | D:20     | Identified the lajatang of Lies {pain, +Inv rF+ Int+3 SInv} (You found it on level 20 of the Dungeon)
 42029 | D:23     | Found a one-way gate leading to the halls of Pandemonium.
 42248 | D:23     | Received a gift from Okawaru
 42908 | D:22     | Noticed Margery
 43174 | D:22     | Found a bloodstained altar of Trog.
 43541 | D:22     | Learned a level 1 spell: Apportation
 43670 | D:22     | Reached skill 15 in Fighting
 43824 | D:22     | Defeated Margery
 44007 | D:22     | Learned a level 2 spell: Blink
 44147 | D:22     | Received a gift from Okawaru
 44508 | D:20     | Found a bloodstained altar of Trog.
 45182 | D:20     | Gained mutation: Your vision is a little blurry.
 45192 | D:20     | Reached XP level 16. HP: 139/139 MP: 27/27
 45614 | D:19     | Received a gift from Okawaru
 45631 | D:19     | Got a jewelled longbow {god gift}
 45632 | D:19     | Identified the longbow "Trae" {god gift, venom, rC+ rN+ MR Stlth++} (Okawaru gifted it to you on level 19 of the Dungeon)
 46154 | D:19     | Got a brightly glowing bone ring
 46380 | D:19     | Noticed a deep elf conjurer
 46393 | D:19     | Defeated a deep elf conjurer
 47368 | Snake:1  | Entered Level 1 of the Snake Pit
 47444 | Snake:1  | Received a gift from Okawaru
 47448 | Snake:1  | Got an encrusted gold dragon armour {god gift}
 47725 | Snake:1  | Identified the +2 gold dragon armour of the Monkey's Uncle {god gift} (Okawaru gifted it to you on level 1 of the Snake Pit)
 48471 | Snake:2  | Noticed Louise
 48506 | Snake:2  | Defeated Louise
 48605 | Snake:2  | Noticed Kirke
 48630 | Snake:2  | Defeated Kirke
 48960 | Snake:3  | Noticed Wiglaf
 48989 | Snake:3  | Defeated Wiglaf
 49500 | Snake:3  | Received a gift from Okawaru
 49988 | Snake:4  | Identified the ring of Zaskon (You found it on level 19 of the Dungeon)
 51268 | Vault:1  | Entered Level 1 of the Vaults
 51594 | Vault:1  | An elephant changed into a shining eye
 51801 | Vault:1  | Found a glowing silver altar of Zin.
 52031 | Vault:2  | A draconian changed into a shining eye
 52041 | Vault:2  | A shining eye changed into a cyclops
 52084 | Vault:2  | Received a gift from Okawaru
 52411 | Vault:2  | Noticed Saint Roka
 52435 | Vault:2  | Defeated Saint Roka
 52435 | Vault:2  | Reached XP level 17. HP: 95/146 MP: 27/28
 52701 | Vault:2  | Noticed Frederick
 52723 | Vault:2  | Defeated Frederick
 52828 | Vault:2  | Received a gift from Okawaru
 54436 | Vault:3  | Reached skill 16 in Fighting
 55002 | Vault:3  | Received a gift from Okawaru
 55096 | Vault:3  | Noticed Mara
 55108 | Vault:3  | Noticed 78291's ghost
 55118 | Vault:3  | Defeated Mara
 56562 | Vault:4  | Found Nycyeffa's Weapon Shoppe.
 56603 | Vault:4  | Gained mutation: You are mostly covered in rough black scales (AC +7, Dex -2).
 56603 | Vault:4  | Reached XP level 18. HP: 106/156 MP: 30/30
 56806 | Vault:4  | Received a gift from Okawaru
 56809 | Vault:4  | Got a polished scale mail {god gift}
 56943 | Vault:4  | Found Pra Kled's Magical Wand Shoppe.
 56982 | Vault:4  | Found a staircase to the Crypt.
 58086 | Lair:1   | Identified the +0 scale mail of the Shoals {god gift} (Okawaru gifted it to you on level 4 of the Vaults)
 58999 | Vault:5  | Received a gift from Okawaru
 59864 | Vault:6  | Received a gift from Okawaru
 59980 | Vault:6  | Noticed a shining eye
 59981 | Vault:6  | Gained mutation: Your vision is quite blurry.
 60005 | Vault:6  | A glowing shapeshifter changed into a shining eye
 60007 | Vault:6  | Defeated a shining eye
 60461 | Vault:6  | Found a staircase to the Hall of Blades.
 60958 | Vault:7  | Received a gift from Okawaru
 61313 | Vault:7  | Got a pitted cloak
 61317 | Vault:7  | Identified the +2 cloak of the Storm King (You found it on level 7 of the Vaults)
 61751 | Vault:7  | Reached XP level 19. HP: 146/163 MP: 30/30
 62532 | Elf:1    | Entered Level 1 of the Elven Halls
 62649 | Elf:1    | Found a radiant altar of Vehumet.
 63090 | Elf:1    | Got a black ring
 63646 | Elf:2    | Received a gift from Okawaru
 64621 | Elf:2    | Received a gift from Okawaru
 64979 | Elf:2    | Cast into the Abyss (deep elf mage)
 64979 | Abyss    | Entered The Abyss
 65571 | Abyss    | Noticed a runed dwarven war axe
 65581 | Abyss    | Defeated a runed dwarven war axe
 65730 | Abyss    | Noticed a glaive
 65746 | Abyss    | Defeated a glaive
 65818 | Abyss    | Got a steaming iron ring
 65862 | Elf:2    | You pass through the gate.
 65915 | Elf:2    | Identified the cursed ring "Ghityng" (You found it in the Abyss)
 65918 | Elf:2    | Identified the ring of Shadows (You found it on level 1 of the Elven Halls)
 66015 | Elf:2    | Reached skill 17 in Fighting
 66327 | Elf:3    | Noticed Rupert
 66335 | Elf:3    | Defeated Rupert
 66586 | Elf:3    | Found Strop's Magical Wand Emporium.
 66787 | Elf:3    | Noticed Donald
 66805 | Elf:3    | Defeated Donald
 67187 | Elf:3    | Noticed Agnes
 67196 | Elf:3    | Defeated Agnes
 67814 | Elf:4    | Found Psed's Magical Wand Boutique.
 67897 | Elf:4    | Found Thijaloe's Distillery.
 67921 | Elf:4    | Noticed Nergalle
 67923 | Elf:4    | Found Thre Leu's Armour Boutique.
 67929 | Elf:4    | Defeated Nergalle
 68059 | Elf:4    | Found Suach's Antique Weapon Boutique.
 68104 | Elf:4    | Received a gift from Okawaru
 68370 | Elf:4    | Found Gyrchocoa's Assorted Antiques.
 68552 | Elf:5    | Got a graven book
 68553 | Elf:5    | Identified the Disquisition on Flight (You found it on level 5 of the Elven Halls)
 69715 | Elf:6    | Received a gift from Okawaru
 69876 | Elf:6    | Found Fiozio's Antique Armour Shoppe.
 70761 | Lair:3   | Lost mutation: Your vision is quite blurry.
 70761 | Lair:3   | Lost mutation: Your vision is a little blurry.
 71647 | D:24     | Received a gift from Okawaru
 72165 | D:24     | Found Pnuexkua's Food Emporium.
 72165 | D:24     | Found a one-way gate to the infinite horrors of the Abyss.
 72721 | D:25     | Entered Level 25 of the Dungeon
 73693 | D:26     | Noticed Boris
 73717 | D:26     | Defeated Boris
 73781 | D:26     | A hill giant changed into a shining eye
 73784 | D:26     | A shining eye changed into a merfolk
 73972 | D:26     | Reached XP level 20. HP: 106/175 MP: 30/32
 74181 | D:26     | Got a conspicuous book
 74182 | D:26     | Identified Sif Muna's Collected Works on Evil Venom (You found it on level 26 of the Dungeon)
 74744 | D:27     | Entered Level 27 of the Dungeon
 74759 | D:27     | A slime creature changed into a pulsating lump
 74760 | D:27     | Defeated a pulsating lump
 74818 | D:27     | Received a gift from Okawaru
 77360 | Crypt:1  | Entered Level 1 of the Crypt
 77741 | Crypt:1  | Noticed Mennas
 77771 | Crypt:1  | Defeated Mennas
 78014 | Crypt:1  | Received a gift from Okawaru
 78762 | Crypt:4  | Reached skill 18 in Fighting
 79086 | Crypt:4  | Found a glowing golden altar of the Shining One.
 79997 | Crypt:3  | Got a faintly glowing scale mail
 80047 | Crypt:3  | Received a gift from Okawaru
 80048 | Crypt:3  | Got a smoking splint mail {god gift}
 80645 | Crypt:2  | Gained mutation: Your body is slowly deteriorating.
 80845 | Crypt:2  | Found a staircase to the Tomb.
 81583 | Lair:1   | Identified the +3 scale mail of the Exiled Wonders (You found it on level 3 of the Crypt)
 81599 | Lair:1   | Identified the +2 splint mail of Bitterness {god gift} (Okawaru gifted it to you on level 3 of the Crypt)
 81751 | Lair:3   | Lost mutation: Your body is slowly deteriorating.
 82374 | Crypt:5  | Entered Level 5 of the Crypt
 82551 | Crypt:5  | Gained mutation: You are completely covered in rough black scales (AC +10, Dex -3).
 82551 | Crypt:5  | Gained mutation: You can spit strong poison.
 82551 | Crypt:5  | Reached XP level 21. HP: 163/186 MP: 33/33
 82911 | Crypt:5  | Received a gift from Okawaru
 83218 | Crypt:5  | Found a basalt altar of Yredelemnul.
 85452 | Snake:5  | Entered Level 5 of the Snake Pit
 85524 | Snake:5  | Found a flickering gateway to a bazaar. 85534
                  | bazaar
                  | Entered a bazaar 85534
                  | bazaar
                  | Found Yla Taut's Distillery. 85534
                  | bazaar
                  | Found Foozoxua's Antique Weapon Shop. 85534
                  | bazaar
                  | Found Grefur's Magical Wand Shop. 85535
                  | bazaar
                  | Found Smaiwune's Jewellery Boutique. 85537
                  | bazaar
                  | Found Dufuotua's Book Shoppe. 85541
                  | bazaar
                  | Bought a wand of healing (2) for 366 gold pieces 85545
                  | bazaar
                  | Found Muvvax's Magic Scroll Shoppe. 85553
                  | bazaar
                  | Bought a scroll of identify for 32 gold pieces 85553
                  | bazaar
                  | Bought a scroll of identify for 32 gold pieces 85553
                  | bazaar
                  | Bought a scroll of recharging for 80 gold pieces 85555
                  | bazaar
                  | Bought a scroll of magic mapping for 56 gold pieces 85559
                  | bazaar
                  | Bought a potion of heal wounds for 42 gold pieces
 86154 | Snake:5  | Received a gift from Okawaru
 86155 | Snake:5  | Got a pitted spiked flail {god gift}
 86156 | Snake:5  | Identified the spiked flail of Gehenna {god gift, drain, +Blink} (Okawaru gifted it to you on level 5 of the Snake Pit)
 86919 | Snake:5  | Learned a level 4 spell: Flight
 86925 | Snake:5  | Learned a level 5 spell: Silence
 87153 | Snake:5  | Received a gift from Okawaru
 87227 | Snake:5  | Got a serpentine rune of Zot
 87243 | Snake:5  | Got a jewelled chain mail
 87491 | Snake:5  | Reached skill 19 in Fighting
 87799 | Lair:1   | Identified the cursed +2 chain mail of Juxiw (You found it on level 5 of the Snake Pit)
 88059 | Lair:7   | Gained mutation: You are robust (+10% HP).
 88059 | Lair:7   | Reached XP level 22. HP: 215/215 MP: 34/34
 88529 | Lair:7   | Got a colourful book
 88558 | Lair:7   | Identified Azrael's Catalogue of Blistering Confrontation (You found it on level 7 of the Lair of Beasts)
 89038 | Lair:8   | Got a bronze gong
 89045 | Lair:8   | Identified the +6 shield of the gong (You found it on level 8 of the Lair of Beasts)
 89050 | Lair:8   | Got a pitted ring mail
 89055 | Lair:8   | Got an ancient demon whip
 89067 | Lair:8   | Identified the +0 ring mail of Fun and Games (You found it on level 8 of the Lair of Beasts)
 89080 | Lair:8   | Identified the demon whip "Ghuoteos" {pain, +Rage rC+} (You found it on level 8 of the Lair of Beasts)
 89789 | Elf:7    | Entered Level 7 of the Elven Halls
 90393 | Elf:7    | Noticed a deep elf blademaster
 90393 | Elf:7    | Noticed a deep elf master archer
 90418 | Elf:7    | Defeated a deep elf blademaster
 90418 | Elf:7    | Received a gift from Okawaru
 90624 | Elf:7    | Defeated a deep elf master archer
 90652 | Elf:7    | Noticed a deep elf blademaster
 90675 | Elf:7    | Defeated a deep elf blademaster
 90865 | Elf:7    | Noticed a deep elf master archer
 90884 | Elf:7    | Defeated a deep elf master archer
 90970 | Elf:7    | Cast into the Abyss (deep elf demonologist)
 91408 | Elf:7    | You pass through the gate.
 91796 | Elf:7    | Received a gift from Okawaru
 91912 | Elf:7    | Noticed a deep elf blademaster
 92003 | Elf:7    | Defeated a deep elf blademaster
 92038 | Elf:7    | Got a polished scale mail
 92073 | Elf:7    | Got a smoking banded mail
 92383 | Elf:7    | Noticed a deep elf blademaster
 92384 | Elf:7    | Noticed a deep elf blademaster
 92386 | Elf:7    | Noticed a deep elf master archer
 92386 | Elf:7    | Noticed a deep elf master archer
 92419 | Elf:7    | Defeated a deep elf blademaster
 92427 | Elf:7    | Defeated a deep elf blademaster
 92439 | Elf:7    | Defeated a deep elf master archer
 92523 | Elf:7    | Defeated a deep elf master archer
 92745 | Elf:7    | Got a pair of faintly humming boots
 92776 | Elf:7    | Learned a level 3 spell: Regeneration
 92788 | Elf:7    | Identified the cursed +2 pair of boots "Friock" (You found it on level 7 of the Elven Halls)
 92814 | Elf:7    | Received a gift from Okawaru
 92856 | Elf:7    | Got an engraved book
 92858 | Elf:7    | Identified the Disquisition on Stolen Souls (You found it on level 7 of the Elven Halls)
 93276 | Lair:1   | Identified the +1 scale mail of Unreason (You took it off a deep elf blademaster on level 7 of the Elven Halls)
 93291 | Lair:1   | Identified the +2 banded mail of Plasticity (You took it off a deep elf mage on level 7 of the Elven Halls)
 93331 | Lair:1   | Learned a level 4 spell: Control Teleport
 93338 | Lair:1   | Learned a level 4 spell: Airstrike
 93347 | Lair:1   | Learned a level 6 spell: Haste
 93768 | Vault:8  | Entered Level 8 of the Vaults
 93768 | Vault:8  | Noticed Frances
 94361 | Vault:8  | Received a gift from Okawaru
 94701 | Vault:8  | Defeated Frances
 94925 | Vault:8  | Gained mutation: You are very robust (+20% HP).
 94925 | Vault:8  | Reached XP level 23. HP: 237/243 MP: 29/36
 94998 | Vault:8  | Reached XP level 22. HP: 195/234 MP: 34/35
 95010 | Vault:8  | Reached XP level 23. HP: 205/243 MP: 35/36
 95521 | Vault:8  | Received a gift from Okawaru
 95524 | Vault:8  | Noticed a shining eye
 95525 | Vault:8  | Got a brightly glowing morningstar {god gift}
 95526 | Vault:8  | Identified the morningstar of the Hall of Blades {god gift, flame, +Lev} (Okawaru gifted it to you on level 8 of the Vaults)
 95591 | Vault:8  | Got a fine steel ring
 95624 | Vault:8  | Got a twisted splint mail
 95663 | Vault:8  | Got a silver rune of Zot
 95683 | Vault:8  | Got an antique book
 95685 | Vault:8  | Identified Mnoleg's Grimoire of Calling (You found it on level 8 of the Vaults)
 95699 | Vault:8  | Got a vibrating cloak
 95710 | Vault:8  | Identified the +3 cloak of Flash (You found it on level 8 of the Vaults)
 96012 | Vault:8  | Reached skill 20 in Fighting
 96542 | Vault:8  | Identified the ring "Reky" (You found it on level 8 of the Vaults)
 96542 | Vault:8  | Identified the cursed -1 splint mail "Ikeruef" (You found it on level 8 of the Vaults)
 96842 | Vault:8  | Reached XP level 22. HP: 170/240 MP: 24/36
 96851 | Vault:8  | Reached XP level 23. HP: 158/249 MP: 23/36
 96863 | Vault:8  | Received a gift from Okawaru
 96946 | Vault:8  | Found Rebue's Book Shoppe.
 97002 | Vault:8  | Bought a book of Summonings for 1575 gold pieces
 97007 | Vault:8  | Learned a level 3 spell: Abjuration
 97032 | Vault:8  | Got a fine golden ring
 97051 | Vault:8  | Identified the cursed ring of Nobility (You found it on level 8 of the Vaults)
 98364 | Shoals:1 | Entered Level 1 of the Shoals
 98436 | Shoals:1 | Noticed Polyphemus
 98458 | Shoals:1 | Defeated Polyphemus
 98669 | Shoals:1 | Found Dumucer's General Store.
 98677 | Shoals:1 | Bought a potion of heal wounds for 45 gold pieces
 98677 | Shoals:1 | Bought a scroll of blinking for 45 gold pieces
 98911 | Shoals:2 | Noticed noom's ghost
 98956 | Shoals:2 | Defeated noom's ghost
 99133 | Shoals:2 | Received a gift from Okawaru
 99134 | Shoals:2 | Got a bloodstained mace {god gift}
 99139 | Shoals:2 | Identified the mace of Hugerae {god gift, drain, rElec rPois rF-} (Okawaru gifted it to you on level 2 of the Shoals)
 99328 | Shoals:2 | Found a deep blue altar of Sif Muna.
 99872 | Shoals:3 | Found Teacub's Distillery.
 99887 | Shoals:3 | Noticed Snorg
 99895 | Shoals:3 | Defeated Snorg
 99953 | Shoals:3 | Received a gift from Okawaru
100514 | Shoals:5 | Entered Level 5 of the Shoals
100527 | Shoals:5 | Noticed Xtahua
100544 | Shoals:5 | Defeated Xtahua
100644 | Shoals:5 | Noticed Ilsuiw
100775 | Shoals:5 | Defeated Ilsuiw
100884 | Shoals:5 | Received a gift from Okawaru
101024 | Shoals:5 | Got a barnacled rune of Zot
102462 | D:21     | You paid a toll of 2750 gold to enter a ziggurat.
102462 | Zig:1    | Entered level 1 of a ziggurat
102556 | Zig:2    | Entered level 2 of a ziggurat
102556 | Zig:2    | Noticed hyperbolic's ghost
102573 | Zig:2    | Defeated hyperbolic's ghost
102735 | Zig:3    | Entered level 3 of a ziggurat
103022 | Zig:4    | Entered level 4 of a ziggurat
103025 | Zig:4    | Noticed Ono Luki the pandemonium lord
103050 | Zig:4    | Defeated Ono Luki the pandemonium lord
103298 | Zig:5    | Entered level 5 of a ziggurat
103359 | Zig:5    | Got a flickering tin ring
103361 | Zig:5    | Got an antique book
103364 | Zig:5    | Identified Duzunwubb's Arcane Secrets of Sorcery (You found it on level 5 of a ziggurat)
103462 | Zig:6    | Entered level 6 of a ziggurat
103582 | Zig:6    | Got a faintly glowing amber ring
103592 | Zig:6    | Identified the ring "Lowoq" (You found it on level 5 of a ziggurat)
103701 | Zig:7    | Entered level 7 of a ziggurat
103747 | Zig:7    | Received a gift from Okawaru
103761 | Zig:7    | Got a polished great mace {god gift}
103824 | Zig:7    | Identified the ring of Plufesop (You found it on level 6 of a ziggurat)
103854 | Zig:8    | Entered level 8 of a ziggurat
104030 | Zig:8    | Identified the great mace of the Crypt {god gift, speed, Stlth++} (Okawaru gifted it to you on level 7 of a ziggurat)
104045 | Zig:9    | Entered level 9 of a ziggurat
104287 | Zig:10   | Entered level 10 of a ziggurat
104406 | Zig:10   | Reached skill 21 in Fighting
104407 | Zig:10   | Received a gift from Okawaru
104474 | Zig:10   | Got a vibrating copper ring
104476 | Zig:10   | Got a scintillating marble ring
104482 | Zig:10   | Got an engraved book
104487 | Zig:10   | Got a pitted turquoise ring
104494 | Zig:10   | Identified the ring of the Many Wishes (You found it on level 10 of a ziggurat)
104497 | Zig:10   | Identified Xuxots' Disquisition on the Traveller (You found it on level 10 of a ziggurat)
104585 | Zig:11   | Entered level 11 of a ziggurat
104739 | Zig:11   | Noticed Strojyru the pandemonium lord
104759 | Zig:11   | Defeated Strojyru the pandemonium lord
104759 | Zig:11   | Reached XP level 24. HP: 158/261 MP: 19/37
104770 | Zig:11   | Got a dazzling scale mail
104913 | Zig:11   | Gained mutation: You have razor-sharp toenails.
104913 | Zig:11   | Reached XP level 25. HP: 256/271 MP: 37/37
104946 | Zig:12   | Entered level 12 of a ziggurat
105073 | Zig:12   | Noticed Staitim the pandemonium lord
105102 | Zig:12   | Defeated Staitim the pandemonium lord
105260 | Zig:12   | Gained mutation: You are extremely robust (+30% HP).
105260 | Zig:12   | Reached XP level 26. HP: 266/301 MP: 38/38
105262 | Zig:12   | Got a black book
105263 | Zig:12   | Identified Sif Muna's Grimoire of Dislocated Attacks (You found it on level 12 of a ziggurat)
105322 | Zig:13   | Entered level 13 of a ziggurat
105473 | Zig:13   | Received a gift from Okawaru
105530 | Zig:13   | Got a blackened book
105534 | Zig:13   | Identified the Guide on the Creative Snowflakes (You found it on level 13 of a ziggurat)
105983 | Lair:1   | Identified the ring "Stuoweisch" (You found it on level 10 of a ziggurat)
105985 | Lair:1   | Identified the ring of Amelioration (You found it on level 10 of a ziggurat)
106999 | Lair:1   | Learned a level 4 spell: Insulation
107405 | Hell     | Entered the Vestibule of Hell
107405 | Hell     | Noticed Geryon
107430 | Hell     | Defeated Geryon
107658 | Hell     | Found a gateway to the decaying netherworld of Tartarus.
107850 | Hell     | Found a gateway to the Iron City of Dis.
107980 | Hell     | Found a gateway to Gehenna.
108017 | Hell     | An elf changed into a shining eye
108026 | Hell     | A shining eye changed into a slime creature
108080 | Hell     | Received a gift from Okawaru
108200 | Hell     | Found a gateway to the freezing wastes of Cocytus.
108295 | Dis:1    | Entered Level 1 of the Iron City of Dis
108747 | Dis:4    | Gained mutation: You are weak (Str -1).
108774 | Dis:4    | Cast into the Abyss (the effects of Hell)
109001 | Abyss    | who needs scrolls anyway
109109 | Abyss    | Received a gift from Okawaru
109249 | Dis:4    | You pass through the gate.
109293 | Dis:5    | Cast into the Abyss (the effects of Hell)
109570 | Abyss    | Got a steaming scale mail
109790 | Dis:5    | You pass through the gate.
109896 | Dis:5    | Received a gift from Okawaru
109897 | Dis:5    | Got a pair of faintly humming boots {god gift}
109901 | Dis:5    | Identified the +1 pair of boots "Blogh" {god gift} (Okawaru gifted it to you on level 5 of the Iron City of Dis)
110384 | Dis:7    | Entered Level 7 of the Iron City of Dis
110901 | Dis:7    | Reached skill 22 in Fighting
110912 | Dis:7    | Got a polished cloak
110927 | Dis:7    | Got an ancient steel ring
110964 | Dis:7    | Gained mutation: You are completely covered in sharp spines.
110964 | Dis:7    | Gained mutation: You have claws for feet.
110964 | Dis:7    | Reached XP level 27. HP: 88/317 MP: 32/39
111235 | Dis:7    | Noticed Dispater
111266 | Dis:7    | Defeated Dispater
111358 | Dis:7    | Got an iron rune of Zot
111360 | Dis:7    | Got an inconspicuous book
111378 | Dis:7    | Identified Juotz's Incunabulum of the Frostbite and the Compass (You found it on level 7 of the Iron City of Dis)
111393 | Dis:7    | Got a golden staff
111858 | Lair:1   | Identified the ring "Fituo" (You found it on level 7 of the Iron City of Dis)
111862 | Lair:1   | Identified the +3 cloak of Abstinence (You found it on level 7 of the Iron City of Dis)
112107 | D:13     | Received a gift from Okawaru
112490 | Zot:1    | Entered Level 1 of the Realm of Zot
113082 | Zot:5    | Entered Level 5 of the Realm of Zot
113889 | Zot:5    | Got the Orb of Zot
114025 | Zot:2    | Received a gift from Okawaru
114090 | D:27     | Noticed Tynuf the pandemonium lord
114113 | D:27     | Defeated Tynuf the pandemonium lord
114586 | D:12     | Noticed a lich
114590 | D:12     | Defeated a lich
114600 | D:12     | Noticed Woalas the pandemonium lord
114610 | D:12     | Defeated Woalas the pandemonium lord
114796 | D:8      | Noticed Wukohih the pandemonium lord
114809 | D:8      | Defeated Wukohih the pandemonium lord
114999 | D:3      | Reached skill 23 in Fighting
115214 | D:1      | Noticed Mnisi the pandemonium lord
115215 | D:$      | Escaped with the Orb!
